 Dungeon Crawl Stone Soup version 0.27-a0-1200-g94dc6ad4cf (webtiles) character file.

Game seed: 13215601351038114980

2 BattleRest the Ducker (level 1, 18/18 HPs)
             Began as a Djinni Gladiator on May 30, 2021.
             Quit the game on level 1 of the Dungeon on June 23, 2021.
             The game lasted 00:01:29 (190 turns).

BattleRest the Ducker (Djinni Gladiator)             Turns: 190, Time: 00:01:30

Health: 18/18      AC:  4    Str: 13    XL:     1   Next: 44%
Gold:   2          EV: 12    Int:  9    God:
                   SH:  0    Dex: 14

rFire    + + .     SeeInvis .   a - +0 rapier
rCold    x . .     Faith    .   (no shield)
rNeg     . . .     Spirit   .   b - +0 leather armour
rPois    ∞         Reflect  .   c - +0 helmet
rElec    .         Harm     .   (no cloak)
rCorr    .         Rampage  .   (no gloves)
Will     .....                  (boots unavailable)
Stlth    +.........             (no amulet)
HPRegen  0.06/turn              (no ring)
MPRegen  0.00/turn              (no ring)

@: flying
A: sickness immunity, fire resistance 2, cold vulnerability 1, float, innate
caster, hp casting, extra vitality 1
a: no special abilities


You were on level 1 of the Dungeon.
You visited 1 branch of the dungeon, and saw 1 of its levels.

You collected 2 gold pieces.

Inventory:

Hand Weapons
 a - a +0 rapier (weapon)
Missiles
 d - 3 throwing nets (quivered)
Armour
 b - a +0 leather armour (worn)
 c - a +0 helmet (worn)


   Skills:
 + Level 2.0 Fighting
 + Level 2.6 Short Blades
 + Level 1.5 Throwing
 + Level 3.5 Dodging


You couldn't memorise any spells.
You didn't know any spells.
Your spell library was empty.

Dungeon Overview and Level Annotations

Branches:
Dungeon (1/15)

Altars:


Innate Abilities, Weirdness & Mutations

You are immune to sickness and miasma.
You are immune to poison.
Your flesh is very heat resistant. (rF++)
You are vulnerable to cold. (rC-)
You float through the air rather than walking.
You learn spells naturally, not from books.
Your magical power is your life essence.
You have superior vitality. (+4 HP)


Message History

The bat closely misses you. The bat hits you but does no damage.
You hit the bat but do no damage. The bat barely misses you.
The bat barely misses you.
You hit the bat.
You kill the bat!
No target in view!
No target in view!
You start resting.
HP restored.
Really fly into that dispersal trap? [Y]es or [N]o only, please.
Really fly into that dispersal trap? [Y]es or [N]o only, please.
Really fly into that dispersal trap? [Y]es or [N]o only, please.
Really fly into that dispersal trap? [Y]es or [N]o only, please.
Really fly into that dispersal trap? [Y]es or [N]o only, please.
Really fly into that dispersal trap? [Y]es or [N]o only, please.
Really fly into that dispersal trap? [Y]es or [N]o only, please.
Really fly into that dispersal trap? [Y]es or [N]o only, please.
Really fly into that dispersal trap? [Y]es or [N]o only, please.
Really fly into that dispersal trap? [Y]es or [N]o only, please.
Really fly into that dispersal trap?
You enter a dispersal trap!
You blink.
Found a hand axe.
A bat comes into view.
The bat barely misses you.
You closely miss the bat. The bat closely misses you. The bat misses you.
You hit the bat.
You kill the bat!
Welcome back, BattleRest the Djinni Gladiator.
Press ? for a list of commands and other information.
Are you sure you want to abandon this character and quit the game? (Confirm with "yes".)

#...#.........
#...######## ###.......#
. #.......# ..
#########.......# ...
#.............### .....
#...........#.# ##.....
#...........#.###......#
#...........#.#)@...#
#...........#.#.#†#.#
#..........^#.#.#.#.#
#.....†.....#.#.....#
#...........#.#.#...##
.....................#
#...........#.#####..#
#...........#[.. ..#
#...........##### .#


There were no monsters in sight!

Vanquished Creatures
  An endoplasm (D:1)
  2 bats (D:1)
3 creatures vanquished.

Notes
Turn   | Place    | Note
-------+----------+-------------------------------------------
     0 | D:1      | BattleRest the Djinni Gladiator began the quest for the
                  | Orb.
     0 | D:1      | Reached XP level 1. HP: 18/18 MP: 0/0
     0 | D:1      | Identified the Catalogue of Enchantment and Unholy Rituals
   190 | D:1      | Quit the game

Illustrated notes

Levels and vault maps discovered:
D:1:      scummos_arrival_star, layout_basic, serial_shops, nicolae_shop_stone

Action                   || total
-------------------------++-------
Melee: Rapier            ||    10
Armor: Leather armour    ||     7
Dodge: Dodged            ||    15

Table legend: (Time is in decaauts)
 A = Elapsed time spent in this place.
 B = Non-inter-level travel time spent in this place.
 C = Inter-level travel time spent in this place.
 D = Time resting spent in this place.
 E = Time spent auto-exploring this place.
 F = Levels seen in this place.
 G = Mean time per level.
                   A        B        C        D        E       F      G
               +--------+--------+--------+--------+--------+-----+--------+
         Total |    190 |    190 |      0 |    116 |      0 |   1 |  190.0 |
       Dungeon |    190 |    190 |      0 |    116 |      0 |   1 |  190.0 |
               +--------+--------+--------+--------+--------+-----+--------+

Top non-repeatable levels by time:
     D:1: 190 daAuts
